[Event "Live Chess"]
[Site "Chess.com"]
[Date "2024.06.01"]
[Round "-"]
[White "TC2304"]
[Black "educatedlad"]
[Result "1/2-1/2"]
[WhiteElo "2344"]
[BlackElo "1771"]
[TimeControl "300"]
[EndTime "11:17:36 PDT"]
[Termination "Game drawn - insufficient material"]

1. e4 c5 2. Nf3 e6 3. c3 d5 4. exd5 Qxd5 5. Na3 Nf6 6. Nb5 Qd8 7. d4 a6 8. Qa4 Bd7 9. Bg5 Nc6 10. Bxf6 gxf6 11.
dxc5 axb5 12. Qxb5 Nd4 13. Qd3 Nxf3+ 14. Qxf3 Bc6 15. Qh5 Qd5 16. Qh3 Bxc5 17. Be2 Qxg2 18. Qxg2 Bxg2 19. Rg1 Bd5 20. a3 Ke7 21. b4 Bb6 22. c4 Be4 23. c5 Bc7 24. Bb5 Bxh2 25. Rg4 Bf5 26. Rh4 Be5 27. O-O-O Rhd8 28. Rxd8 Rxd8 29.
f4 Bd4 30. Rh1 Be3+ 31. Kb2 Rd2+ 32. Kb3 Bc2+ 33. Kc3 Rd1 34. Rh3 Bxf4 35. Kxc2 Rc1+ 36. Kb2 h6 37. Rd3 Rg1 38. Rd7+ Kf8 39. Rxb7 Bc1+ 40. Kb3 Rg3+ 41. Kc2 Bxa3 42. c6 Bxb4 43. c7 Rc3+ 44. Kb2 Rc5 45. Rb8+ Kg7 46. c8=Q Rxc8 47. Rxc8 Bd6 48. Kc2 h5 49. Kd2 h4 50. Bf1 f5 51. Ke3 Kg6 52. Rd8 Be5 53. Kf3 Kg5 54. Rg8+ Kf6 55. Rh8 Bg3 56. Rh7 e5 57. Bc4 e4+ 58. Kg2 e3 59. Rxf7+ Ke5 60. Re7+ Kd4 61. Be2 f4 62. Kf3 h3 63. Rh7 h2 64. Rh5 Kc3 65. Rh3 Kd2 66. Bf1 Ke1 67. Be2 Kd2 68. Rh5 Ke1 69. Rh7 Kd2 70. Bb5 Ke1 71. Kg2 e2 72. Kf3 Kf1 73. Bxe2+ Kg1 74. Bf1 h1=Q+ 75. Rxh1+ Kxh1 76. Bd3 Kg1 77. Be4 Kh2 78. Bd5 Be1 79.
Bc6 Bd2 80. Bb7 Bb4 81. Ba8 Bc3 82. Bb7 Bb4 83. Ba6 Bc3 84. Bb5 Bb4 85. Bc4 Bc3 86.
Bb3 Bb4 87. Ba2 Bc3 88. Bb1 Bb4 89. Ke4 Bc3 90. Bd3 Bb4 91. Be2 Bc3 92. Bd1 Bb4 93. Kd3 Bc3 94. Kc4 Bb4 95. Kxb4 f3 96.
Kc4 f2 97. Be2 f1=Q 98. Bxf1 1/2-1/2

[Event "Live Chess"]
[Site "Chess.com"]
[Date "2024.06.01"]
[Round "-"]
[White "JavaidMiah"]
[Black "PureDashingOctopus"]
[Result "0-1"]
[WhiteElo "1184"]
[BlackElo "2245"]
[TimeControl "300"]
[EndTime "11:17:51 PDT"]
[Termination "PureDashingOctopus won by resignation"]

1. c4 c5 2. Nc3 Nc6 3. Nf3 g6 4. g3 Bg7 5. Bg2 Nf6 6. O-O O-O 7. d4 cxd4 8. Nxd4 Nxd4 9. Qxd4 d6 10. Qd3 Bf5 11. e4 Be6 12. Be3 Rc8 13. Nd5 Nxd5 14. cxd5 Bd7 15. Rac1 Qa5 16. Qb3 Bb5 17. Rxc8 Rxc8 18.
Rc1 Rxc1+ 19. Bxc1 Qe1+ 0-1

[Event "Live Chess"]
[Site "Chess.com"]
[Date "2024.06.01"]
[Round "-"]
[White "ProfPoisson"]
[Black "sebmoran1"]
[Result "0-1"]
[WhiteElo "1236"]
[BlackElo "1509"]
[TimeControl "300"]
[EndTime "11:17:58 PDT"]
[Termination "sebmoran1 won by checkmate"]

1. e4 c5 2. Nc3 Nc6 3. f4 g6 4. Nf3 Bg7 5. Bb5 Nf6 6. Bxc6 bxc6 7. d3 O-O 8. O-O Ba6 9. Qe1 c4 10. f5 cxd3 11. fxg6 fxg6 12. Qh4 dxc2 13. Bh6 Qb6+ 14. Kh1 Qxb2 15. Bxg7 Bxf1 16. Ng5 h5 17. Rxf1 Kxg7 18. e5 Ng4 19. Ne6+ dxe6 20. Qxe7+ Kh6 21. Rg1 c1=Q 22. h4 Qxg1+ 23. Kxg1 Qc1+ 24. Nd1 Qxd1# 0-1

[Event "Live Chess"]
[Site "Chess.com"]
[Date "2024.06.01"]
[Round "-"]
[White "Rusty_Bridges"]
[Black "jonny_dzz"]
[Result "0-1"]
[WhiteElo "1473"]
[BlackElo "1954"]
[TimeControl "300"]
[EndTime "11:18:06 PDT"]
[Termination "jonny_dzz won by resignation"]

1. e4 e6 2. d4 d5 3. exd5 exd5 4.
Nf3 c6 5. Bd3 Bd6 6. O-O Ne7 7.
Bg5 O-O 8. Re1 f6 9. Bh4 Bf5 10.
c4 Bxd3 11. Qxd3 dxc4 12. Qxc4+ Nd5 13. Nc3 Bf4 14. Nxd5 Qxd5 15. Qxd5+ cxd5 16. Re7 b6 17. Rae1 Nc6 18. Rc7 Nb4 19. Rb7 Rfb8 20. Rxb8+ Rxb8 21. a3 Nd3 22. Re2 Rc8 23. g3 Rc1+ 24. Kg2 Bd6 25. g4 Nf4+ 0-1

[Event "Live Chess"]
[Site "Chess.com"]
[Date "2024.06.01"]
[Round "-"]
[White "viktor_forever1994"]
[Black "Sokolik_UA"]
[Result "1-0"]
[WhiteElo "1391"]
[BlackElo "803"]
[TimeControl "300"]
[EndTime "11:18:11 PDT"]
[Termination "viktor_forever1994 won by checkmate"]

1. e4 e6 2. d4 d5 3. exd5 exd5 4. Nc3 Nf6 5. Bg5 Bb4 6. Qe2+ Be6 7. Nf3 Nbd7 8.
Bxf6 Qxf6 9. Ne5 O-O-O 10. g3 Rhe8 11. Bg2 h5 12. O-O g5 13. Rfe1 h4 14. a3 hxg3 15.
fxg3 Bxc3 16. bxc3 Rh8 17. Rab1 Bh3 18. Bh1 Qf4 19.
gxf4 gxf4 20. Nxf7 Rhg8+ 21. Kf2 Rde8 22. Qxe8+ Rxe8 23. Rxe8# 1-0

[Event "Live Chess"]
[Site "Chess.com"]
[Date "2024.06.01"]
[Round "-"]
[White "MagnersCarlsberg2870"]
[Black "chess5013"]
[Result "1-0"]
[WhiteElo "1875"]
[BlackElo "1249"]
[TimeControl "300"]
[EndTime "11:18:12 PDT"]
[Termination "MagnersCarlsberg2870 won by checkmate"]

1. d4 d5 2. e4 c6 3. exd5 cxd5 4. Nf3 Nf6 5. Bd3 Nc6 6. c3 e6 7. O-O Bd6 8. Re1 Bd7 9. Bc2 O-O 10. Ne5 Bxe5 11.
dxe5 Ne8 12. Qh5 g6 13. Qh6 Qc7 14. Bg5 Nxe5 15. Bf6 Nxf6 16. Nd2 Nc4 17. Nf3 Ne8 18. Ng5 Ng7 19. Qxh7# 1-0

[Event "Live Chess"]
[Site "Chess.com"]
[Date "2024.06.01"]
[Round "-"]
[White "dhairyapandyauk"]
[Black "NeilDruggan73"]
[Result "0-1"]
[WhiteElo "1717"]
[BlackElo "1720"]
[TimeControl "300"]
[EndTime "11:18:24 PDT"]
[Termination "NeilDruggan73 won by checkmate"]

1. e4 d6 2. d4 Nf6 3. Bd3 g6 4. f4 Bg7 5. Nf3 O-O 6. c3 b6 7. O-O c5 8. Be3 Bb7 9. d5 a6 10. c4 Ng4 11. Bc1 e5 12. h3 Nh6 13. fxe5 f5 14.
Bxh6 Bxh6 15. exf5 gxf5 16. e6 Bg7 17. Nc3 Qf6 18. Qe1 a5 19. Qg3 Na6 20. Qxd6 Nb4 21. Bb1 Ba6 22. a3 Bxc4 23. axb4 Bxf1 24. Kxf1 cxb4 25. Ne2 Qxb2 26. e7 Qxa1 27. Qe6+ Kh8 28. exf8=Q+ Rxf8 29. Nd2 a4 30. d6 a3 31. d7 Qf6 32. Qb3 Qd6 33. Nc4 Qc5 34. Qd3 Rd8 35. Ba2 Qe7 36. Qxf5 Rxd7 37. Nxb6 Rd1+ 38. Kf2 Bd4+ 39. Nxd4 Qe1+ 40. Kf3 Qf1+ 41. Kg3 Rd3+ 42. Kh2 Qxf5 43. Nxf5 b3 44. Bb1 Rd1 45. Be4 a2 46. Bd5 a1=Q 47. Bxb3 Qe5+ 48. Ng3 Rd3 49. Bd5 Qxg3+ 50.
Kh1 Rd1# 0-1

[Event "Live Chess"]
[Site "Chess.com"]
[Date "2024.06.01"]
[Round "-"]
[White "vincents82"]
[Black "WeakOldFinished"]
[Result "1/2-1/2"]
[WhiteElo "2109"]
[BlackElo "2052"]
[TimeControl "300"]
[EndTime "11:18:26 PDT"]
[Termination "Game drawn by agreement"]

1. e4 c5 2. Nf3 d6 3. d4 cxd4 4. Nxd4 Nf6 5. f3 e5 6. Nb3 Be6 7. c4 Nc6 8. Nc3 Be7 9. Be3 O-O 10. Be2 Rc8 11. O-O Na5 12. Nxa5 Qxa5 13. Nd5 Bxd5 14.
cxd5 Bd8 15. Qd2 Qxd2 16. Bxd2 Bb6+ 17. Kh1 Rc2 18. Rfd1 Rxb2 19. Bf1 Rc8 20. a4 Rcc2 21. Bg5 Nd7 22. a5 Bd4 23. Rac1 f6 24. Rxc2 Rxc2 25.
Rc1 Rxc1 26. Bxc1 a6 27. g3 Bc3 28. Bh3 Nc5 29. Be3 Bxa5 30. Bc8 Bb6 31. Bxc5 Bxc5 32. Bxb7 a5 33. Bc6 Kf7 34. Kg2 Ke7 35. Kf1 Kd8 36.
Ke2 Kc7 37. Kd3 Kd8 38. Kc4 Ke7 39. Kd3 g6 40. g4 f5 41. exf5 gxf5 42. gxf5 Kf6 43.
Ke4 h5 44. h3 Kg5 45. Be8 Bb6 46. h4+ Kf6 47. Bxh5 Bf2 48. Be8 Bxh4 49. Ba4 Be1 50. f4 exf4 51. Kxf4 Bc3 52. Ke4 Be5 53. Bb5 Bc3 1/2-1/2

[Event "Live Chess"]
[Site "Chess.com"]
[Date "2024.06.01"]
[Round "-"]
[White "GEMdzq"]
[Black "NottheBishopSacrifice"]
[Result "0-1"]
[WhiteElo "2301"]
[BlackElo "2256"]
[TimeControl "300"]
[EndTime "11:18:31 PDT"]
[Termination "NottheBishopSacrifice won by resignation"]

1. e4 c6 2. d4 d5 3. e5 c5 4. dxc5 e6 5. Be3 Nd7 6. Bb5 Ne7 7. Nf3 a6 8. Ba4 Nc6 9. O-O Nxc5 10. Bxc5 Bxc5 11.
c3 O-O 12. Nbd2 b5 13. Bc2 Bb7 14. Qe2 Be7 15. Qd3 g6 16. Nb3 Qc7 17. Rfe1 Kg7 18.
h4 h5 19. Nbd4 Nxd4 20. cxd4 Rac8 21. Rac1 Qa5 22. Ng5 Bxg5 23. hxg5 Qxa2 24. Qf3 Qxb2 25. Qf6+ Kg8 26. Bxg6 Rxc1 27. Bh7+ Kxh7 28. Qh6+ Kg8 29. g6 Rxe1+ 30. Kh2 Rh1+ 31. Kxh1 Qb1+ 0-1

[Event "Live Chess"]
[Site "Chess.com"]
[Date "2024.06.01"]
[Round "-"]
[White "SirGerhard"]
[Black "Nazar-Makarchuk"]
[Result "1-0"]
[WhiteElo "2772"]
[BlackElo "1538"]
[TimeControl "300"]
[EndTime "11:18:37 PDT"]
[Termination "SirGerhard won - game abandoned"]

1. d4 d5 2. c4 dxc4 3. Nf3 Nf6 4.
Nc3 e6 5. e4 c5 6. e5 Nd5 7. Bxc4 Nxc3 8. bxc3 cxd4 9. cxd4 Nc6 10.
O-O Be7 11. Qd3 O-O 12. Qe4 Bb4 13. Be3 Bc3 14. Rac1 Ba5 15. Ng5 g6 16. Qh4 h5 17.
g4 Nxd4 18. Rfd1 Qxg5 19. Bxg5 Nf3+ 20. Kg2 Nxh4+ 21. Bxh4 b6 22. gxh5 gxh5 23. Bf6 Bb7+ 24. Kh3 Rfc8 25. Rg1+ Kf8 26. Rg7 Bd5 27. Rh7 Ke8 28. Bb5+ 1-0

[Event "Live Chess"]
[Site "Chess.com"]
[Date "2024.06.01"]
[Round "-"]
[White "elephantgerrald"]
[Black "Bob2pen"]
[Result "0-1"]
[WhiteElo "756"]
[BlackElo "1860"]
[TimeControl "300"]
[EndTime "11:18:53 PDT"]
[Termination "Bob2pen won by checkmate"]

1. e4 e5 2. Nf3 Nc6 3. Bb5 a6 4.
Bxc6 dxc6 5. O-O Bd6 6. Nc3 Bg4 7. h3 h5 8. hxg4 hxg4 9. Nh2 Qh4 10. Re1 Qxh2+ 11. Kf1 Nf6 12. d3 Qh1+ 13. Ke2 Qxg2 14. Be3 O-O-O 15. Qd2 Qf3+ 16. Kf1 Rh1# 0-1

[Event "Live Chess"]
[Site "Chess.com"]
[Date "2024.06.01"]
[Round "-"]
[White "KwikPhoenix"]
[Black "McFim"]
[Result "1-0"]
[WhiteElo "2439"]
[BlackElo "1580"]
[TimeControl "300"]
[EndTime "11:19:08 PDT"]
[Termination "KwikPhoenix won by resignation"]

1. b3 d5 2. Bb2 c5 3. e3 Nc6 4. Bb5 Bf5 5. Nf3 a6 6. Bxc6+ bxc6 7. O-O e6 8. d3 Nf6 9. h3 Bg6 10. Ne5 Qc7 11. Nd2 Bd6 12. f4 O-O 13. Ndf3 Nd7 14.
Nxd7 Qxd7 15. Qe2 f6 16. Nh4 Bf7 17. e4 e5 18. f5 d4 19. a4 Rfb8 20. Ba3 Kf8 21. Rf3 Rb7 22. Rg3 Bg8 23. Qg4 Qe7 24.
Nf3 Ke8 25. h4 Kd7 26. Qxg7 Qxg7 27. Rxg7+ Be7 28. Bxc5 1-0

[Event "Live Chess"]
[Site "Chess.com"]
[Date "2024.06.01"]
[Round "-"]
[White "DoctorMantisTobogganMD"]
[Black "Zhevzh1k7"]
[Result "1-0"]
[WhiteElo "2195"]
[BlackElo "1086"]
[TimeControl "300"]
[EndTime "11:19:09 PDT"]
[Termination "DoctorMantisTobogganMD won by checkmate"]

1. e4 c6 2. d4 d5 3. exd5 cxd5 4.
Bd3 Nc6 5. c3 Nf6 6. Ne2 Qb6 7.
O-O Bg4 8. f3 Bh5 9. Qe1 e6 10.
b4 a6 11. Qh4 Be7 12. Bg5 Bg6 13. Bxg6 fxg6 14. Nd2 O-O 15. Nb3 Qb5 16. Qe1 Nd7 17.
Bxe7 Nxe7 18. a4 Qb6 19. Nc5 Nxc5 20. bxc5 Qc6 21. a5 Nf5 22. Nc1 Rfe8 23. Nd3 Nh6 24. Ne5 Qc7 25. Qb1 Nf5 26. Re1 Rac8 27. Qb4 Ne7 28. Rab1 Rb8 29. Qb6 Qxb6 30. Rxb6 Nc6 31.
Nxc6 bxc6 32. Reb1 Rxb6 33. Rxb6 e5 34. Kf2 exd4 35.
cxd4 Rc8 36. Rxa6 Kf7 37. Ra7+ Ke6 38. Rxg7 Ra8 39. Rxh7 Rxa5 40. Rc7 Ra6 41. g4 Kf6 42. Kg3 g5 43. h4 gxh4+ 44. Kxh4 Kg6 45. f4 Kf6 46.
Rd7 Kg6 47. Rd6+ Kf7 48. Kg5 Kg7 49. f5 Ra8 50. Rxc6 Rg8 51. Rc7+ Kf8+ 52. Kf4 Rg7 53. Rxg7 Kxg7 54. g5 Kf7 55. Ke5 Ke7 56. Kxd5 Kf7 57. Ke5 Kg7 58. d5 Kf7 59. c6 Kg7 60. c7 Kf7 61.
c8=Q Ke7 62. Qb7+ Kd8 63. Ke6 Ke8 64. Qb8# 1-0

[Event "Live Chess"]
[Site "Chess.com"]
[Date "2024.06.01"]
[Round "-"]
[White "rakibsachchu"]
[Black "jimwad"]
[Result "1-0"]
[WhiteElo "1584"]
[BlackElo "1249"]
[TimeControl "300"]
[EndTime "11:19:16 PDT"]
[Termination "rakibsachchu won by resignation"]

1. e4 e5 2. Nf3 Nc6 3. Bb5 Nf6 4. O-O d6 5. d4 Bd7 6. Nc3 exd4 7. Nxd4 Nxd4 8. Qxd4 Bxb5 9. Nxb5 c6 10. Nc3 Be7 11. Bg5 O-O 12. Rad1 d5 13. exd5 Nxd5 14. Bxe7 Nxe7 15.
Qg4 Qc7 16. Rd7 Qe5 17. Rxb7 Ng6 18. Rd7 Rfb8 19. Rfd1 Rxb2 20. Ne4 Rxc2 21. h4 Qf4 22. Rd8+ 1-0

[Event "Live Chess"]
[Site "Chess.com"]
[Date "2024.06.01"]
[Round "-"]
[White "Richardallis"]
[Black "Yarigo"]
[Result "1/2-1/2"]
[WhiteElo "2053"]
[BlackElo "2335"]
[TimeControl "300"]
[EndTime "11:19:18 PDT"]
[Termination "Game drawn - timeout vs insufficient material"]

1. d4 d5 2. Nf3 e6 3. Bg5 Be7 4. Bxe7 Qxe7 5. c3 Nf6 6. Nbd2 Nbd7 7. Qc2 e5 8. dxe5 Nxe5 9. Nxe5 Qxe5 10. e3 Bd7 11.
Nf3 Qe7 12. O-O-O O-O-O 13. Bd3 g6 14. Nd4 Rhe8 15. Rhe1 Kb8 16. f3 c5 17. Ne2 Bc6 18.
Ng3 h5 19. h3 Nd7 20. Nh1 Ne5 21. Bf1 Rd6 22. Nf2 Red8 23. e4 Qg5+ 24. Kb1 dxe4 25. Nxe4 Rxd1+ 26. Rxd1 Rxd1+ 27. Qxd1 Bxe4+ 28. fxe4 Qf6 29.
Bb5 Kc7 30. Qd5 Qd6 31. Qb3 a6 32. Be2 Qd2 33. Qc2 Qe1+ 34. Qd1 Qxd1+ 35. Bxd1 Kd6 36.
Be2 Nd7 37. Bc4 f6 38. Kc2 Ke5 39. Bd5 b6 40. Bf7 Nf8 41. Kd2 Kxe4 42. Ke2 h4 43.
a4 a5 44. Be8 g5 45. Bc6+ Ke5 46. Ke3 Ne6 47. Ba8 c4 48. Bc6 Nc5 49. Be8 f5 50. Bf7 Nxa4 51. Bxc4 Nxb2 52. Bb5 a4 53. Kd2 a3 54.
Kc2 g4 55. Kb3 Nd1 56. Bc6 a2 57. Kxa2 Nxc3+ 58. Kb3 Ne2 59. hxg4 fxg4 60. Kb4 Kf4 61. Kb5 Nd4+ 62. Kxb6 Nxc6 63. Kxc6 Kg3 64. Kd5 Kxg2 65. Ke4 h3 66. Kf4 h2 67. Kxg4 h1=Q 68. Kg5 Qe1 69.
Kf4 Qe6 70. Kg5 Kg3 71. Kh5 Kf4 72. Kh4 1/2-1/2

[Event "Live Chess"]
[Site "Chess.com"]
[Date "2024.06.01"]
[Round "-"]
[White "AnotherOneBadPlayer"]
[Black "gmnorfolk"]
[Result "0-1"]
[WhiteElo "2198"]
[BlackElo "2124"]
[TimeControl "300"]
[EndTime "11:19:33 PDT"]
[Termination "gmnorfolk won on time"]

1. Nf3 Nf6 2. b3 g6 3. Bb2 Bg7 4. e3 O-O 5. Be2 d6 6. O-O c5 7. d4 Nc6 8. d5 Nb4 9. c4 Bf5 10. a3 Na6 11. Nbd2 Rb8 12. Nh4 Bd7 13. e4 Nc7 14. a4 a6 15. f4 b5 16. axb5 axb5 17. e5 Nfe8 18. Qc2 e6 19. Nhf3 bxc4 20. dxe6 Bxe6 21.
Bxc4 d5 22. Be2 c4 23. Ba3 cxb3 24. Nxb3 Nb5 25. Bxf8 Bxf8 26. Kh1 Qb6 27. Rfb1 Qe3 28. Bxb5 Rxb5 29. Ra8 Bf5 30. Qc6 Rxb3 31. Rg1 Ra3 32. Rxa3 Qxa3 33. Qxe8 Be4 34. Ng5 Qa7 35. Qc8 Bf5 36. Qe8 h6 37. Nf3 Kg7 38. Qd8 Be4 39.
Qf6+ Kg8 40. Nh4 Bc5 41. Rc1 Qa3 42. Qd8+ Kh7 43. Re1 Be7 44. Qc7 Qb4 45. Rg1 Kg7 0-1

[Event "Live Chess"]
[Site "Chess.com"]
[Date "2024.06.01"]
[Round "-"]
[White "OurKnightAtTheOpera"]
[Black "oscalik"]
[Result "1-0"]
[WhiteElo "2023"]
[BlackElo "2374"]
[TimeControl "300"]
[EndTime "11:19:43 PDT"]
[Termination "OurKnightAtTheOpera won by resignation"]

1. e4 c5 2. d4 cxd4 3. c3 Nf6 4. e5 Nd5 5. Qxd4 e6 6. Nf3 Nc6 7. Qe4 f5 8. exf6 Nxf6 9. Qc2 Bc5 10. Nbd2 d5 11.
Bd3 e5 12. Bb5 e4 13. Nd4 Bd7 14. O-O O-O 15. Re1 Rc8 16. N2b3 Bb6 17. Bg5 Nxd4 18. Nxd4 Bxd4 19. Bxd7 Qxd7 20. Qb3 Be5 21. Bxf6 Rxf6 22. Rxe4 Rcf8 23. Rxe5 Kh8 24. Qxd5 Qg4 25. f3 Rxf3 26.
Qxf3 Qc8 27. Qe3 h6 28. Re1 Qc4 29. Re8 Rxe8 30. Qxe8+ Kh7 31. Qe4+ 1-0

[Event "Live Chess"]
[Site "Chess.com"]
[Date "2024.06.01"]
[Round "-"]
[White "Queensandpawns"]
[Black "GerardATHart"]
[Result "1-0"]
[WhiteElo "2444"]
[BlackElo "1414"]
[TimeControl "300"]
[EndTime "11:19:47 PDT"]
[Termination "Queensandpawns won by resignation"]

1. e4 e5 2. d4 exd4 3. c3 dxc3 4. Bc4 cxb2 5. Bxb2 Nf6 6. e5 Qe7 7. Kf1 Ne4 8. Qe2 Qb4 9. a3 Nd2+ 10. Nxd2 Qxb2 11.
Rd1 Qxa3 12. Ngf3 Be7 13. Qe4 O-O 14. h4 Nc6 15. Bd3 g6 16. h5 Nb4 17. Bb1 d6 18.
hxg6 fxg6 19. Rxh7 Bf5 20. Qc4+ Kxh7 21. Qxc7 Nc6 22.
Qxb7 Qc5 23. Ne4 Rab8 24. Nxc5 Rxb7 25. Nxb7 Rb8 26. Bxf5 gxf5 27. Nxd6 Rd8 28. Ke2 Bxd6 29. exd6 Kg7 30. Ng5 Kf6 31. f4 Ne5 32. Nh7+ Kg7 33.
fxe5 Kxh7 34. e6 Kg7 35. e7 1-0

[Event "Live Chess"]
[Site "Chess.com"]
[Date "2024.06.01"]
[Round "-"]
[White "koekoekoe"]
[Black "Kyrylo7770"]
[Result "1-0"]
[WhiteElo "2089"]
[BlackElo "1682"]
[TimeControl "300"]
[EndTime "11:20:29 PDT"]
[Termination "koekoekoe won by checkmate"]

1. d4 d5 2. Bf4 Bg4 3. Nf3 e6 4. e3 Bd6 5. Bg3 Nf6 6. c4 h5 7. c5 Bxg3 8. hxg3 Nc6 9. Nc3 Ne4 10. Rc1 Nb4 11. a3 Nc6 12. Be2 Bf5 13. Nxe4 Bxe4 14.
Bd3 Bxf3 15. Qxf3 Qe7 16. Rxh5 Rxh5 17. Qxh5 O-O-O 18. Qh7 g6 19. b4 Qf6 20. Qh4 g5 21.
Qg4 Rh8 22. Ke2 Rh2 23. Qf3 Qe7 24. g4 Nd8 25. g3 Qd7 26. Rh1 Rxh1 27. Qxh1 Qa4 28.
Qc1 Qb3 29. Kd2 Qa2+ 30. Bc2 Nc6 31. Kc3 Qc4+ 32. Kd2 Qa2 33. f4 gxf4 34. gxf4 a5 35. b5 Na7 36. a4 c6 37. b6 Nb5 38. axb5 cxb5 39. Qb1 Qc4 40. Bd3 Qa4 41. Bxb5 Qa3 42. Bd3 a4 43. f5 Kd7 44. fxe6+ Kxe6 45. Bf5+ Ke7 46. g5 f6 47. g6 Kf8 48. Bc2 Kg7 49.
Qb5 Qa1 50. Qd7+ Kh6 51. Qh7+ Kg5 52. g7 Kg4 53. g8=Q+ Kf3 54. Qf5# 1-0

[Event "Live Chess"]
[Site "Chess.com"]
[Date "2024.06.01"]
[Round "-"]
[White "Stanbad1"]
[Black "StoreySniper"]
[Result "1-0"]
[WhiteElo "2686"]
[BlackElo "2557"]
[TimeControl "300"]
[EndTime "11:20:44 PDT"]
[Termination "Stanbad1 won by resignation"]

1. d4 g6 2. Nc3 Bg7 3. e4 c5 4. Be3 cxd4 5. Bxd4 Nf6 6. f3 Nc6 7.
Be3 d6 8. Qd2 O-O 9. Bc4 Bd7 10.
Nge2 Rc8 11. Bb3 Ne5 12. O-O a6 13. Nf4 Nc4 14. Bxc4 Rxc4 15. Qf2 Be6 16. Rad1 Qa5 17. Bd4 Rxd4 18. Rxd4 Nd7 19. Ra4 Qe5 20. Ncd5 Qxb2 21. Rb4 Qxa2 22. Rxb7 Bxd5 23. Nxd5 Nc5 24. Nxe7+ Kh8 25.
Rb4 a5 26. Rd4 Qe6 27. Nd5 Bxd4 28. Qxd4+ Qe5 29. Qc4 Ne6 30. c3 Nf4 31. Ne3 Qc5 32. Qxc5 dxc5 33. Ra1 Ra8 34. Ra3 Nd3 35. Nc4 a4 36.
Kf1 Rb8 37. Rxa4 Rb1+ 38. Ke2 Nf4+ 39. Kf2 Rc1 40. g3 Rc2+ 41. Ke3 Ng2+ 42. Kd3 Ne1+ 43. Ke3 Rxc3+ 44. Kd2 Rxc4 45. Rxc4 Nxf3+ 46. Ke3 Nxh2 47. Rxc5 h5 48. Kf4 Kg7 49. e5 Ng4 50. Rc7 Kg8 51. e6 fxe6 52. Kg5 Kf8 53. Kxg6 Ne3 54.
Kxh5 Nd5 55. Ra7 e5 56. Ra5 Nf6+ 57. Kg6 Nd7 58. Kf5 Ke7 59. g4 Kf7 60. g5 1-0

[Event "Live Chess"]
[Site "Chess.com"]
[Date "2024.06.01"]
[Round "-"]
[White "Dhaydon19"]
[Black "Mangoalo"]
[Result "1-0"]
[WhiteElo "2682"]
[BlackElo "1009"]
[TimeControl "300"]
[EndTime "11:20:51 PDT"]
[Termination "Dhaydon19 won by checkmate"]

1. d4 Nc6 2. Nf3 d5 3. g3 Bg4 4. c3 Nf6 5. Bg2 e6 6. O-O Bd6 7. Nbd2 O-O 8. Re1 h6 9. Qc2 Bf5 10. Qb3 b6 11. Nh4 Na5 12. Qa4 Bh7 13. Nhf3 Ne4 14. Ne5 Bxe5 15. dxe5 Qe8 16. Qd4 Nc6 17. Qe3 f5 18. exf6 Rxf6 19. Nxe4 dxe4 20. Bxe4 Bxe4 21. Qxe4 Rd8 22. Be3 Qd7 23. Rad1 Qc8 24. Qxc6 Rxd1 25.
Rxd1 Kh7 26. Bf4 Rxf4 27. gxf4 e5 28. Qd7 Qf8 29. f5 Qf6 30. Qe6 Qg5+ 31. Kh1 Qf4 32.
Qg6+ Kh8 33. Rd8# 1-0

[Event "Live Chess"]
[Site "Chess.com"]
[Date "2024.06.01"]
[Round "-"]
[White "asingardenof"]
[Black "EgbertIII"]
[Result "0-1"]
[WhiteElo "619"]
[BlackElo "1445"]
[TimeControl "300"]
[EndTime "11:21:02 PDT"]
[Termination "EgbertIII won by checkmate"]

1. e4 c6 2. Nc3 d5 3. d3 d4 4.
Nce2 e5 5. Nf3 Nd7 6. g3 Ngf6 7.
Bd2 Bd6 8. c4 O-O 9. Bh3 Nb6 10.
b3 Bxh3 11. Nfg1 Bg2 12. Bg5 Bxh1 13. f3 h6 14. Bh4 g5 15. Bxg5 hxg5 16. Qc2 Kg7 17.
Nh3 Bxf3 18. Nxg5 Bg4 19. O-O-O Ba3+ 20. Kb1 Rh8 21. h4 Nh7 22. Qd2 Nxg5 23. hxg5 Rh2 24. Re1 Rxe2 25. Rxe2 Bxe2 26. Qxe2 Qxg5 27. Qc2 Rh8 28.
Qc1 Qxc1# 0-1

[Event "Live Chess"]
[Site "Chess.com"]
[Date "2024.06.01"]
[Round "-"]
[White "elephantgerrald"]
[Black "dhairyapandyauk"]
[Result "0-1"]
[WhiteElo "756"]
[BlackElo "1717"]
[TimeControl "300"]
[EndTime "11:21:05 PDT"]
[Termination "dhairyapandyauk won by checkmate"]

1. e4 e5 2. Nf3 Nc6 3. Nc3 Bc5 4.
Bc4 d6 5. O-O Bg4 6. h3 Bh5 7. g4 Bg6 8. d3 Nf6 9. Bd2 O-O 10. Kh2 h6 11. g5 hxg5 12. Bxg5 Qd7 13. a3 Nh7 14. Bh4 Bh5 15. Bg3 Nd4 16. Bb5 c6 17.
Bc4 Nxf3+ 18. Kh1 Qxh3+ 19. Bh2 Qxh2# 0-1

[Event "Live Chess"]
[Site "Chess.com"]
[Date "2024.06.01"]
[Round "-"]
[White "educatedlad"]
[Black "PureDashingOctopus"]
[Result "0-1"]
[WhiteElo "1770"]
[BlackElo "2246"]
[TimeControl "300"]
[EndTime "11:21:07 PDT"]
[Termination "PureDashingOctopus won by resignation"]

1. d4 Nf6 2. Bg5 g6 3. Bxf6 exf6 4. c4 f5 5. Nc3 Bg7 6. e3 O-O 7. g3 d6 8. Bg2 Nd7 9. Nge2 Nf6 10. Qc2 c6 11. b3 d5 12. O-O Be6 13. Nf4 dxc4 14. Nxe6 fxe6 15. bxc4 Nd7 16. Rad1 Qc7 17. d5 cxd5 18. Nb5 Qc5 19. Qa4 Nb6 20. Qc2 Nxc4 21. Nd4 Bxd4 22. exd4 Qd6 23. Rfe1 Rac8 24. Qb3 Rc7 25. Rc1 Rfc8 26. a4 Na5 27. Rxc7 Rxc7 28. Qb5 b6 29. Qe8+ Kg7 30. Rxe6 Qd7 31. Qxd7+ Rxd7 32. Re5 Nc6 33. Rxd5 Rxd5 34. Bxd5 Nxd4 35. Kf1 Kf6 36.
Ke1 Ke5 37. Bg8 h6 38. Bf7 g5 39. Kd2 Nf3+ 40. Ke3 Nxh2 41. f4+ gxf4+ 42. gxf4+ Kf6 43. Bd5 Ng4+ 44. Kd4 h5 45. Kc4 Ne3+ 46. Kd4 Nxd5 47. Kxd5 h4 48. Kc6 h3 49. Kb7 h2 50. Kxa7 h1=Q 51.
Kxb6 Qe4 52. a5 Qxf4 53. a6 Qe3+ 54. Kb7 f4 55. a7 Qxa7+ 56. Kxa7 f3 0-1

[Event "Live Chess"]
[Site "Chess.com"]
[Date "2024.06.01"]
[Round "-"]
[White "Sokolik_UA"]
[Black "KwikPhoenix"]
[Result "0-1"]
[WhiteElo "803"]
[BlackElo "2439"]
[TimeControl "300"]
[EndTime "11:21:15 PDT"]
[Termination "KwikPhoenix won by resignation"]

1. e4 e5 2. d4 exd4 3. Qxd4 Nc6 4. Qe3 g6 5. Nc3 Bg7 6. Bd2 Nge7 7. f3 d6 8. Bc4 Be6 9. Bxe6 fxe6 10. Nge2 Qd7 11.
O-O O-O-O 12. a4 d5 13. exd5 exd5 14. Nb5 a6 15. b3 Bxa1 16. Rxa1 d4 17. Nexd4 Nxd4 18.
Nxd4 Qxd4 19. Kf2 Qxa1 20. Qxe7 Rxd2+ 21. Kg3 Qd4 22. Qg5 Qf2+ 23. Kh3 Qxg2+ 24. Qxg2 Rxg2 25.
Kxg2 Rd8 26. h4 Rd2+ 27. Kg3 Rxc2 28. Kg4 Rc3 29. f4 Rxb3 30. Kg5 Rb4 31. Kh6 Rxf4 32. Kxh7 Rxh4+ 33. Kxg6 Rxa4 34. Kf5 Rd4 35. Ke6 Rd6+ 0-1

[Event "Live Chess"]
[Site "Chess.com"]
[Date "2024.06.01"]
[Round "-"]
[White "degringolade64"]
[Black "Duke_of_Bebington"]
[Result "1-0"]
[WhiteElo "2067"]
[BlackElo "1623"]
[TimeControl "300"]
[EndTime "11:21:23 PDT"]
[Termination "degringolade64 won by checkmate"]

1. e4 e5 2. Nf3 f5 3. Nxe5 Qf6 4.
d4 d6 5. Nc4 Nc6 6. d5 Ne5 7. Nc3 fxe4 8. Nxe4 Qg6 9. Qd4 Bf5 10.
Ng3 Nxc4 11. Qxc4 Bxc2 12. Be3 Nf6 13. Rc1 Be4 14. Nxe4 Qxe4 15. Qxc7 Nxd5 16. Bb5# 1-0

[Event "Live Chess"]
[Site "Chess.com"]
[Date "2024.06.01"]
[Round "-"]
[White "updatedopenings2024"]
[Black "grillage"]
[Result "1/2-1/2"]
[WhiteElo "1936"]
[BlackElo "1896"]
[TimeControl "300"]
[EndTime "11:21:26 PDT"]
[Termination "Game drawn by repetition"]

1. e4 d5 2. exd5 Qxd5 3. Nf3 Bg4 4. Be2 Bxf3 5. Bxf3 Qe5+ 6. Be2 c5 7. O-O Nc6 8. d3 Nf6 9. Nc3 e6 10. Re1 Qc7 11.
Bg5 Be7 12. Bf3 O-O 13. Ne4 Nxe4 14. Bxe7 Nxf2 15. Qe2 Nh3+ 16. gxh3 Nxe7 17. Qe4 Rad8 18. a4 b6 19. a5 Rd4 20. Qb7 Qf4 21. axb6 axb6 22.
Bg2 Nf5 23. Ra8 Rdd8 24. Rxd8 Rxd8 25. Qe4 Qg5 26. Kh1 h6 27. Bf3 Rd4 28. Qe2 Rh4 29. Rg1 Qf6 30. Bg4 Nd4 31. Qg2 h5 32. Bd1 Rf4 33. c3 Nf3 34. Rf1 Nh4 35. Qa8+ Kh7 36. Rg1 g6 37. Bxh5 gxh5 38. Qg8+ Kh6 39. Qf8+ Kh7 40.
Qg8+ Kh6 41. Qf8+ Kh7 42. Qg8+ 1/2-1/2